 Dungeon Crawl Stone Soup version 0.32-a0-540-g866d13106e (webtiles) character file.

Game seed: 8329525174093167775

109 Sobieck the Cudgeller (level 4, -2/38 HPs)
             Began as a Mountain Dwarf Reaver on Feb 28, 2024.
             Slain by an orc
             ... wielding a +0 flail
              (6 damage)
             ... on level 3 of the Dungeon.
             The game lasted 00:03:37 (2222 turns).

Sobieck the Cudgeller (Mountain Dwarf Reaver)       Turns: 2222, Time: 00:03:37

Health: -2/38      AC:  3    Str: 17    XL:     4   Next: 59%
Magic:  6/6        EV: 11    Int: 13    God:
Gold:   57         SH:  0    Dex:  8    Spells: 5/6 levels left

rFire   . . .        a - +0 mace
rCold   . . .        (no shield)
rNeg    . . .        b - +0 leather armour
rPois   .            (no helmet)
rElec   .            (no cloak)
rCorr   .            (no gloves)
SInv    .            (no boots)
Will    .....        r - amulet of regeneration
Stlth   +            q - ring of flight
HPRegen 1.06/turn    (no ring)
MPRegen 0.10/turn

%: no passive effects
@: flying
A: runic magic, artefact enchanting
a: no special abilities


You were on level 3 of the Dungeon.
You visited 1 branch of the dungeon, and saw 3 of its levels.

You collected 57 gold pieces.

Inventory:

Hand Weapons
 a - a +0 mace (weapon)
Missiles
 j - 34 stones (quivered)
 t - 4 boomerangs
 v - 3 javelins
Armour
 b - a +0 leather armour (worn)
 e - a +0 kite shield
 p - the +0 robe of the Gate {-Tele Dex+5}
   (You found it on level 3 of the Dungeon)

   Dex+5:     It affects your dexterity (+5).
   -Tele:     It prevents most forms of teleportation.
 u - a +2 cloak
Magical Staves
 k - a staff of death
Jewellery
 q - a ring of flight (left hand)
 r - an amulet of regeneration (around neck)
Scrolls
 d - a scroll of immolation {unknown}
 f - 3 scrolls of identify {unknown}
 l - a scroll of poison {unknown}
 m - a scroll of revelation {unknown}
 x - a scroll of brand weapon {unknown}
 y - a scroll of amnesia {unknown}
Potions
 g - a potion of haste {unknown}
 h - 3 potions of heal wounds {unknown}
 i - a potion of might {unknown}
 n - a potion of ambrosia {unknown}
 o - 2 potions of lignification {unknown}
 s - a potion of attraction {unknown}
 w - a potion of brilliance {unknown}
 Q - a potion of curing


   Skills:
 + Level 3.0 Fighting
 + Level 4.4 Maces & Flails
 + Level 1.9 Armour
 - Level 2.0 Dodging
 - Level 1.7 Spellcasting
 - Level 2.6 Conjurations
 + Level 1.9 Evocations


You had 5 spell levels left.
You knew the following spells:

 Your Spells              Type           Power      Damage    Failure   Level
a - Kiss of Death         Conj/Necr      16%        2d6       16%         1

Your spell library contained the following spells:

 Spells                   Type           Power      Damage    Failure   Level
 Momentum Strike          Conj/Tloc      8%         3d8       24%         2
 Hailstorm                Conj/Ice       4%         3d5       43%         3


Dungeon Overview and Level Annotations

Branches:
Dungeon (3/15)

Altars:

Shops:
D:3 [


Innate Abilities, Weirdness & Mutations

Your spellcasting is much less encumbered by armour.
You can use scrolls of enchantment on lesser artefacts.


Message History

Unknown command.
You sock the orc wizard!
The orc wizard is almost dead.
The orc wizard hits you with a +0 dagger.
* * * LOW HITPOINT WARNING * * *
The orc wizard casts a spell.
The orc wizard flickers and vanishes!
Deactivating autopickup; reactivate with Ctrl-A.
You barely miss something. Something hits you but does no damage.
You barely miss something.
You hear some strange, mumbled words.
You are confused.
You completely miss something. Something hits you but does no damage.
Unknown command.
You bump into the rock wall.
Something hits you.
* * * LOW HITPOINT WARNING * * *
You bump into the rock wall.
Something hits you but does no damage.
Unknown command.
It was a potion of curing.
You feel better.
Q - a potion of curing You hear some strange, mumbled words.
A puff of flame appears from out of thin air!
The puff of flame hits you.
You closely miss something. Something hits you.
You completely miss something. Something hits you. x2
You miss something. Something hits you.
You hit something.
Reactivating autopickup.
You feel a bit more experienced.
Your Fighting skill increases to level 3!
You barely miss the orc. The orc hits you with a +0 flail.
* * * LOW HITPOINT WARNING * * *
Unknown command.
You hit the orc but do no damage. The orc hits you with a +0 flail!
* * * LOW HITPOINT WARNING * * *
The orc barely misses you.
You closely miss the orc. The orc hits you with a +0 flail.
* * * LOW HITPOINT WARNING * * *
The orc hits you from afar with a +0 trident!
* * * LOW HITPOINT WARNING * * *
Unknown command.
You closely miss the orc. The orc barely misses you.
The orc hits you from afar with a +0 trident.
* * * LOW HITPOINT WARNING * * *
You completely miss the orc. The orc closely misses you.
The orc barely misses you.
The orc hits you from afar with a +0 trident!
* * * LOW HITPOINT WARNING * * *
The orc hits you with a +0 flail.
You die...

### #.. ### ... ..... .+
#.# #####.... ..# #o#
#....... #.# #)# #.#...#
#.# ####.#.#####.#...##
#.### ........oo@........#
#.#..
#####.#.#####.#....####.#.#
...#.# #.#.........#.# ###
#.# #.#...####..#.# ..#
#.#...# #..... ###
#.#...#####.###
#...........#≈≈
############
###^..#######≈#
##..........# ##### #≈.


You could see 2 orcs.

Vanquished Creatures
  An orc wizard (D:3)
  3 adders (D:3)
  A ribbon worm (D:2)
  2 dart slugs
  3 orcs (D:3)
  9 ball pythons
  2 endoplasms (D:1)
  2 giant cockroaches
  2 goblins (D:1)
  4 hobgoblins
  3 jackals (D:3)
  A quokka (D:2)
  3 bats
  3 frilled lizards
  5 kobolds
  3 rats (D:1)
47 creatures vanquished.

Notes
Turn   | Place    | Note
-------+----------+-------------------------------------------
     0 | D:1      | Sobieck the Mountain Dwarf Reaver began the quest for the
                  | Orb.
     0 | D:1      | Reached XP level 1. HP: 17/17 MP: 3/3
   261 | D:1      | Reached XP level 2. HP: 17/25 MP: 4/4
   465 | D:1      | Reached skill level 1 in Armour
   465 | D:1      | Reached skill level 1 in Evocations
  1049 | D:2      | Reached XP level 3. HP: 16/30 MP: 5/5
  1161 | D:2      | Reached skill level 4 in Maces & Flails
  1740 | D:3      | Found Synithra's Antique Armour Emporium.
  1766 | D:3      | Identified the +0 robe of the Gate {-Tele Dex+5}
  1976 | D:3      | Reached XP level 4. HP: 19/37 MP: 6/6
  2218 | D:3      | Reached skill level 3 in Fighting
  2222 | D:3      | Slain by an orc

Illustrated notes

Levels and vault maps discovered:
D:1:      zaba_arrival_water, layout_loops_ring
D:2:      layout_loops_ring
D:3:      layout_basic, serial_shops, nicolae_shop_overgrown_old_shop,
          serial_rivers, chequers_serial_rivers_micro_d,
          chequers_serial_rivers_marsh, chequers_serial_rivers_small_b,
          chequers_serial_rivers_small_b, chequers_serial_rivers_large_a,
          chequers_serial_rivers_small_a, columned_hall_lemuel,
          kennysheep_generic_room_12

Skill      XL: |  1  2  3  4 |
---------------+-------------+-----
Armour         | 1 |  1.9
Evocations     | 1 |  1.9
Maces & Flails | 4 |  4.4
Dodging        | 2 |  2.0
Fighting       | 3 |  3.0
Spellcasting   | |  1.7
Conjurations   | |  2.6

Action                     |  1- 3 |  4- 6 || total
---------------------------+-------+-------++-------
  Melee: Mace              |   144 |    30 ||   174
    Use: Potion            |       |     1 ||     1
 Armour: Leather armour    |   103 |    30 ||   133
  Dodge: Dodged            |    99 |    18 ||   117
  Block: Kite shield       |    28 |       ||    28

Table legend: (Time is in decaauts)
 A = Elapsed time spent in this place.
 B = Non-inter-level travel time spent in this place.
 C = Inter-level travel time spent in this place.
 D = Time resting spent in this place.
 E = Time spent auto-exploring this place.
 F = Levels seen in this place.
 G = Mean time per level.
                   A        B        C        D        E       F      G
               +--------+--------+--------+--------+--------+-----+--------+
         Total |   2277 |   2207 |     70 |    220 |   1572 |   3 |  759.0 |
       Dungeon |   2277 |   2207 |     70 |    220 |   1572 |   3 |  759.0 |
               +--------+--------+--------+--------+--------+-----+--------+

Top non-repeatable levels by time:
     D:1: 982 daAuts
     D:2: 700 daAuts
     D:3: 594 daAuts
